 Dungeon Crawl Stone Soup version 0.27-a0-1591-gc56fcc985a (webtiles) character file.

Game seed: 11738693578363795470

51 Sin92 the Skirmisher (level 3, -2/29 HPs)
             Began as a Demonspawn Fighter on July 19, 2021.
             Slain by a kobold (5 damage)
             ... on level 2 of the Dungeon.
             The game lasted 00:00:44 (1271 turns).

Sin92 the Skirmisher (Demonspawn Fighter)           Turns: 1271, Time: 00:00:45

Health: -2/29      AC:  6    Str: 17    XL:     3   Next: 58%
Magic:  3/3        EV:  7    Int:  9    God:
Gold:   9          SH:  9    Dex: 12    Spells: 2/2 levels left

rFire    . . .     SeeInvis .   a - +0 war axe
rCold    . . .     Faith    .   c - +0 kite shield
rNeg     . . .     Spirit   .   b - +0 scale mail
rPois    .         Reflect  .   (no helmet)
rElec    .         Harm     .   (no cloak)
rCorr    .         Rampage  .   (no gloves)
Will     .....                  (no boots)
Stlth    ..........             (no amulet)
HPRegen  0.09/turn              (no ring)
MPRegen  0.16/turn              (no ring)

@: no status effects
A: ignite blood 1, magic regeneration
a: no special abilities


You were on level 2 of the Dungeon.
You visited 1 branch of the dungeon, and saw 2 of its levels.

You collected 9 gold pieces.

Inventory:

Hand Weapons
 a - a +0 war axe (weapon)
Armour
 b - a +0 scale mail (worn)
 c - a +0 kite shield (worn)
Scrolls
 f - a scroll of noise
Potions
 d - a potion of might
 e - a potion of degeneration {unknown}


   Skills:
 + Level 3.3 Fighting
 + Level 2.2 Axes
 + Level 3.0 Armour
 + Level 1.1 Dodging
 + Level 3.0 Shields


You had 2 spell levels left.
You didn't know any spells.
Your spell library was empty.

Dungeon Overview and Level Annotations

Branches:
Dungeon (2/15)

Altars:


Innate Abilities, Weirdness & Mutations

Your demonic aura sometimes causes spilled blood to erupt in flames.
You regenerate magic rapidly.


Message History

You block the frilled lizard's attack.
Unknown command.
There are monsters nearby!
You closely miss the frilled lizard.
You block the frilled lizard's attack. x2
Unknown command.
There are monsters nearby!
You slash the frilled lizard!
You kill the frilled lizard!
You block the adder's attack.
Unknown command.
There are monsters nearby!
You barely miss the adder. The adder barely misses you. The adder bites you.
You are poisoned.
The adder poisons you!
Unknown command.
There are monsters nearby!
You slash the adder!
You kill the adder!
You feel sick.
The kobold throws a stone.
The stone barely misses you.
As you read the scroll labelled LAEZUM AMEE, it crumbles to dust.
You hear a loud clanging noise!
It was a scroll of noise.
You feel sick. You block the kobold's attack.
Unknown command.
You barely miss the kobold.
You feel sick.
The kobold hits you with a +1 dagger of distortion.
Space warps horribly around you!
You closely miss the kobold.
You feel sick.
You are no longer poisoned.
The kobold hits you with a +1 dagger of distortion.
* * * LOW HITPOINT WARNING * * *
You blink.
The kobold throws a stone.
The stone closely misses you. The kobold closely misses you.
You closely miss the kobold. The kobold hits you but does no damage.
Space bends around you.
* * * LOW HITPOINT WARNING * * *
You block the kobold's attack.
Your shield prevents you from hitting the kobold.
The kobold hits you but does no damage. Space bends around you.
You die...

###########
.........# #.......#
#.......+
#.......####
#..........#
#...@K..##.# #.
#.##.#†##
...#.##.#........ ##
#.##.##.#........
#..#.##.##.#........
#..#.##.##.#.###+#..
####..#.##.##.#.# .
..............#..
#.................#


You could see a kobold.

Vanquished Creatures
  An adder (D:2)
  A worm (D:2)
  3 ball pythons (D:1)
  3 endoplasms
  2 giant cockroaches
  2 goblins (D:1)
  9 hobgoblins
  2 kobolds
  7 bats
  3 frilled lizards
  3 rats (D:1)
36 creatures vanquished.

Notes
Turn   | Place    | Note
-------+----------+-------------------------------------------
     0 | D:1      | Sin92 the Demonspawn Fighter began the quest for the Orb.
     0 | D:1      | Reached XP level 1. HP: 18/18 MP: 1/1
   179 | D:1      | Gained mutation: Your demonic aura sometimes causes spilled
                  | blood to erupt in flames. [demonic ancestry]
   179 | D:1      | Reached XP level 2. HP: 20/24 MP: 2/2
   704 | D:1      | Gained mutation: You regenerate magic rapidly. [demonic
                  | ancestry]
   704 | D:1      | Reached XP level 3. HP: 15/29 MP: 3/3
  1099 | D:2      | Reached skill level 1 in Dodging
  1271 | D:2      | Slain by a kobold

Illustrated notes

Levels and vault maps discovered:
D:1:      beargit_arrival_diablo_church, layout_basic
D:2:      layout_basic, basic_ecumenical_altar,
          amcnicky_mini_rare_corridor_liquid

Skill      XL: |  1  2  3 |
---------------+----------+-----
Axes           | 2 |  2.2
Armour         | 3 |  3.0
Dodging        | 1 |  1.1
Shields        | 3 |  3.0
Fighting       | |  3.3

Action                   || total
-------------------------++-------
Melee: War axe           ||    90
  Use: Scroll            ||     1
Armor: Scale mail        ||    53
Dodge: Dodged            ||    36
Block: Kite shield       ||    49

Table legend: (Time is in decaauts)
 A = Elapsed time spent in this place.
 B = Non-inter-level travel time spent in this place.
 C = Inter-level travel time spent in this place.
 D = Time resting spent in this place.
 E = Time spent auto-exploring this place.
 F = Levels seen in this place.
 G = Mean time per level.
                   A        B        C        D        E       F      G
               +--------+--------+--------+--------+--------+-----+--------+
         Total |   1327 |   1303 |     24 |    136 |    930 |   2 |  663.5 |
       Dungeon |   1327 |   1303 |     24 |    136 |    930 |   2 |  663.5 |
               +--------+--------+--------+--------+--------+-----+--------+

Top non-repeatable levels by time:
     D:1: 1085 daAuts
     D:2: 241 daAuts
